 Dungeon Crawl Stone Soup version 0.28.0-53-g5a82cb258f (console) character file.

Game seed: 1500009721128108591

10956 Hector the Thaumaturge (level 12, 0/88 HPs)
             Began as a Djinni Cinder Acolyte on Oct 15, 2022.
             Was a High Priest of Ignis.
             Slain by a cacodemon (1 damage)
             ... in a Gauntlet on Oct 17, 2022.
             The game lasted 00:47:07 (15760 turns).

Hector the Thaumaturge (Djinni Cinder Acolyte)     Turns: 15760, Time: 00:47:08

Health: 0/88       AC: 16    Str: 13      XL:     12   Next: 1%
Gold:   1049       EV: 12    Int: 19 (20) God:    Ignis [*****.] SH:  5 Dex: 12 (13)

rFire   + + +      SeeInvis +   C - staff of air
rCold   x . .      Faith    .   i - +0 buckler
rNeg    . . .      Spirit   .   d - +3 ring mail
rPois   ∞          Reflect  .   (helmet currently unavailable)
rElec   +          Harm     .   e - scarf {shadows}
rCorr   .          Rampage  .   g - +2 pair of gloves {Dex+3}
Will    +....      Rage     1%  (boots unavailable)
Stlth   +......... NoTele   +   (no amulet)
HPRegen 0.24/turn               S - ring of see invisible
MPRegen 0.00/turn               W - ring of wizardry

@: appendages, fiery-armoured, flying, unable to read
A: horns 2, flying, sickness immunity, fire resistance 2, cold vulnerability 1,
float, innate caster, HP casting, extra vitality 1, berserk 1, deformed body,
deterioration 2, inability to read while threatened
a: End Transformation, Renounce Religion, Fiery Armour, Foxfire Swarm, Rising
Flame


You were in a Gauntlet.
You worshipped Ignis.
Ignis was extremely pleased with you.
You had temporarily grown beastly horns.
You visited 2 branches of the dungeon, and saw 10 of its levels.
You also visited: Bailey and Gauntlet.

You collected 1049 gold pieces.

Inventory:

Hand Weapons
 a - a -1 short sword of flaming
 n - a +0 short sword
 H - a +1 vorpal mace
 P - a +0 trident
Missiles
 f - 18 poisoned darts
 o - a throwing net
 s - 5 atropa-tipped darts
 E - 14 boomerangs
 J - 3 boomerangs of dispersal
 M - 10 curare-tipped darts
Armour
 d - a +3 ring mail (worn)
 e - a scarf of shadows (worn)
 g - a +2 pair of gloves of dexterity (worn)
 h - a +2 hat (melded)
 i - a +0 buckler (worn)
 p - a +1 leather armour of willpower
 F - a +0 robe
Magical Staves
 C - a staff of air (weapon)
Jewellery
 S - a ring of see invisible (left hand)
 W - a ring of wizardry (right hand)
Wands
 t - a wand of iceblast (13)
Scrolls
 b - 5 scrolls of teleportation
 c - a scroll of enchant weapon {unknown}
 k - 7 scrolls of identify {unknown}
 m - a scroll of blinking {unknown}
 r - 2 scrolls of fog {unknown}
 w - a scroll of brand weapon {unknown}
 x - 3 scrolls of vulnerability {unknown}
 y - a scroll of immolation {unknown}
 A - a scroll of torment {unknown}
 B - 2 scrolls of amnesia {unknown}
 G - a scroll of fear {unknown}
 K - a scroll of summoning {unknown}
 L - a scroll of acquirement {unknown}
Potions
 j - 2 potions of might {unknown}
 l - a potion of haste {unknown}
 q - a potion of mutation
 v - a potion of degeneration {unknown}
 z - a potion of resistance
 D - 2 potions of curing {unknown}
 I - a potion of magic {unknown}
 Q - a potion of berserk rage {unknown}
 R - a potion of brilliance {unknown}


   Skills:
 * Level 8.3 Fighting
 - Level 2.6 Short Blades
 - Level 4.0 Armour
 * Level 6.2 Dodging
 - Level 4.0 Shields
 + Level 11.3 Spellcasting


You had 17 spell levels left.
You knew the following spells:

 Your Spells              Type           Power      Damage    Failure   Level
a - Scorch                Fire           100%       2d10      1%          2
b - Beastly Appendage     Tmut           100%       N/A       1%          1
c - Ensorcelled Hibernat  Hex/Ice        100%       N/A       1%          2
d - Portal Projectile     Hex/Tloc       100%       N/A       1%          3
l - Lee's Rapid Deconstr  Erth           26%        3d15*     1%          5
r - Frozen Ramparts       Ice            100%       1d12      1%          3
Your spell library was empty.

Dungeon Overview and Level Annotations

Branches:
Dungeon (8/15)             Temple (0/1) D:5            Lair (2/6) D:8
 Bailey (visited)         Gauntlet (1/1)
  Swamp: Lair:2-4    Shoals: Lair:2-4     Snake: Lair:2-4    Spider: Lair:2-4

Altars:
Ashenzari
Cheibriados
Kikubaaqudgha
Sif Muna
Zin

Shops:
D:4 (   D:6 :

Annotations:
D:7 2 transporters, exclusion: ice statue, Lennethare's ghost, journeyman TeAE Gauntlet 13 transporters


Innate Abilities, Weirdness & Mutations

You have temporarily grown beastly horns.
You are flying.
You are immune to sickness and miasma.
You are immune to poison.
Your flesh is very heat resistant. (rF++)
You are vulnerable to cold. (rC-)
You float through the air rather than walking.
You learn spells naturally, not from books.
Your magical power is your life essence.
You have superior vitality. (+4 MHP)
You tend to lose your temper in combat.
Armour fits poorly on your strangely shaped body.
Your body often deteriorates upon taking damage.
You sometimes lose the ability to read scrolls when taking damage.


Message History

The cacodemon is heavily wounded.
The cacodemon hits you!
* * * LOW HITPOINT WARNING * * *
The cacodemon barely misses you.
Casting: Lee's Rapid Deconstruction (dangerous; 1% risk of failure)
Confirm with . or Enter, or press ? or * to list all spells.
Aiming: Lee's Rapid Deconstruction (dangerous; 1% risk of failure)
Press: ? - help, Dir - move target A translucent stone wall.
The wall shatters!
The blast of rock fragments hits the cacodemon but does no damage.
The cacodemon is heavily wounded.
* * * LOW HITPOINT WARNING * * *
The cacodemon hits you but does no damage.
The cacodemon hits you.
* * * LOW HITPOINT WARNING * * *
Casting: Lee's Rapid Deconstruction (dangerous; 1% risk of failure)
Confirm with . or Enter, or press ? or * to list all spells.
Aiming: Lee's Rapid Deconstruction (dangerous; 1% risk of failure)
Press: ? - help, Dir - move target A translucent stone wall.
The wall shatters!
The blast of rock fragments hits the cacodemon!!
The cacodemon is severely wounded.
* * * LOW HITPOINT WARNING * * *
The cacodemon gestures at you. You resist with significant effort.
Casting: Lee's Rapid Deconstruction (dangerous; 1% risk of failure)
Confirm with . or Enter, or press ? or * to list all spells.
Aiming: Lee's Rapid Deconstruction (dangerous; 1% risk of failure)
Press: ? - help, Dir - move target A translucent stone wall.
The wall shatters!
The blast of rock fragments hits the cacodemon but does no damage.
The cacodemon is severely wounded.
* * * LOW HITPOINT WARNING * * *
The cacodemon hits you.
* * * LOW HITPOINT WARNING * * *
The cacodemon hits you.
You die...

#################################
...............................≈∩
.................................
########.###########.###########.
.[©}:..#.#=!#.©.#."#.#..![©}...#.
...#^#.#.##..#.#..##.#.#.....#^#.
^#^..#^#.#.#..#..#.#.#.s#####^.#.
.###.^.#.#..#...#..#.#..##.##..#.
..©###.#.##..#.#@.##.#....©....#.
##...#.#.#.#..#2.#.#.#s.##^##..#.
.###...#.#..#.©.#..#.#s.#####^.#.
...###.#.#...#.#...#.#.#.....#.#.
......t#.#....#....#.#.........#.
#################################
.#©...........§...........©#≈≈≈§8
.#############.##################
.............#.#≈≈8≈≈#©.........©


You could see a cacodemon and 2 redbacks.

Vanquished Creatures
  A hydra (Lair:1)
  A fire crab (Gauntlet)
  An orc knight (Bailey)
  A manticore (D:7)
  A worldbinder (Gauntlet)
  A rime drake (Lair:1)
  4 cane toads (Lair:1)
  A hornet (D:8)
  A wraith (D:7)
  3 yaks (Lair:1)
  A wyvern (Lair:1)
  4 fire bats (Gauntlet)
  A steam dragon (D:7)
  A neqoxec (Gauntlet)
  3 vampire mosquitoes (D:8)
  5 water moccasins
  8 orc warriors
  2 black bears
  4 ice beasts
  2 sky beasts
  An ogre (D:5)
  5 wolves
  A boggart (Gauntlet)
  2 centaurs
  A phantom (D:6)
  4 kobold brigands (Bailey)
  7 bullfrogs
  Blork the orc (D:5)
  A gnoll sergeant (D:6)
  3 scorpions
  A water moccasin zombie (D:5)
  2 jellies
  4 killer bees (D:8)
  2 howler monkeys
  3 bullfrog zombies
  A centaur zombie (D:5)
  3 hounds
  4 orc priests
  A bullfrog skeleton (D:4)
  A centaur skeleton (D:7)
  5 iguanas
  Ijyb (D:3)
  2 orc wizards (D:5)
  A hound skeleton (D:4)
  3 howler monkey zombies
  10 adders
  8 gnolls
  2 ufetubi
  5 dart slugs
  26 orcs
  8 endoplasms
  5 giant cockroaches
  6 goblins
  12 hobgoblins
  4 quokkas
  3 ball pythons
  6 bats
  13 frilled lizards
  11 kobolds
  9 rats
234 creatures vanquished.

Vanquished Creatures (others)
  35 demonic plants (Gauntlet)
  2 fungi (Lair:1)
  5 plants
42 creatures vanquished.

Grand Total: 276 creatures vanquished

Notes
Turn   | Place    | Note
-------+----------+-------------------------------------------
     0 | D:1      | Hector the Djinni Cinder Acolyte began the quest for the
                  | Orb.
     0 | D:1      | Reached XP level 1. HP: 20/20 MP: 0/0
   353 | D:1      | Reached XP level 2. HP: 25/25 MP: 0/0
   817 | D:1      | Reached XP level 3. HP: 19/30 MP: 0/0
   817 | D:1      | Learned a level 1 spell: Beastly Appendage
   946 | D:1      | Found a faded altar of an unknown god.
  1448 | D:2      | Reached skill level 3 in Spellcasting
  1716 | D:2      | Reached XP level 4. HP: 27/37 MP: 0/0
  2810 | D:2      | Reached XP level 5. HP: 23/41 MP: 0/0
  2810 | D:2      | Learned a level 2 spell: Ensorcelled Hibernation
  3481 | D:3      | Found a snail-covered altar of Cheibriados.
  3552 | D:3      | Noticed Ijyb
  3574 | D:3      | Killed Ijyb
  3575 | D:3      | Reached skill level 4 in Spellcasting
  4224 | D:4      | Reached XP level 6. HP: 36/47 MP: 0/0
  4380 | D:4      | Found Heobyjoe's Weapon Shop.
  5375 | D:4      | Reached skill level 5 in Spellcasting
  5375 | D:4      | Reached XP level 7. HP: 47/53 MP: 0/0
  5375 | D:4      | Learned a level 3 spell: Portal Projectile
  5790 | D:5      | Entered Level 5 of the Dungeon
  6235 | D:5      | Found a staircase to the Ecumenical Temple.
  6561 | D:5      | Reached skill level 5 in Fighting
  6580 | D:5      | Reached skill level 6 in Spellcasting
  6580 | D:5      | Reached XP level 8. HP: 50/59 MP: 0/0
  6884 | D:5      | Noticed Blork the orc
  7083 | D:5      | Killed Blork the orc
  7634 | D:6      | Reached skill level 7 in Spellcasting
  8044 | D:6      | Found Ypituff's Book Shop.
  8142 | D:6      | Reached XP level 9. HP: 40/66 MP: 0/0
  8142 | D:6      | Learned a level 3 spell: Frozen Ramparts
  8295 | D:6      | Found a glowing silver altar of Zin.
  8568 | D:6      | Reached skill level 1 in Dodging
  8575 | D:6      | Reached skill level 1 in Shields
  8799 | D:6      | Found a broken altar of Ashenzari.
  9017 | D:6      | Reached skill level 8 in Spellcasting
  9175 | D:7      | Noticed a manticore
  9469 | D:7      | Reached skill level 1 in Armour
  9505 | D:7      | Found a transporter.
  9858 | D:7      | Noticed Lennethare's ghost (journeyman TeAE)
  9869 | D:7      | Noticed a five-headed hydra
 10247 | D:7      | Reached XP level 10. HP: 57/73 MP: 0/0
 10320 | D:7      | Found a transporter.
 10325 | D:7      | Noticed an ice statue
 10856 | D:7      | Killed a manticore
 11105 | D:7      | Reached skill level 9 in Spellcasting
 11502 | D:8      | Found a flagged portal.
 11526 | Bailey   | Entered a bailey
 11769 | Bailey   | Noticed an orc knight
 11863 | Bailey   | Killed an orc knight
 12267 | Bailey   | Found a bloodstained altar of Trog.
 12479 | D:8      | Reached XP level 11. HP: 64/79 MP: 0/0
 12479 | D:8      | Learned a level 5 spell: Lee's Rapid Deconstruction
 12679 | D:8      | Found a staircase to the Lair.
 12872 | Lair:1   | Entered Level 1 of the Lair of Beasts
 12951 | Lair:1   | Reached skill level 10 in Spellcasting
 13060 | Lair:1   | Reached skill level 5 in Dodging
 13091 | Lair:1   | Noticed a four-headed hydra
 13096 | Lair:1   | Killed a four-headed hydra
 14313 | Lair:2   | Found a gate leading to a gauntlet.
 14327 | Lair:2   | Reached skill level 11 in Spellcasting
 14328 | Gauntlet | Entered a Gauntlet
 14328 | Gauntlet | Found a transporter.
 14339 | Gauntlet | Found a transporter.
 14347 | Gauntlet | Noticed a necromancer
 14354 | Gauntlet | Found a transporter.
 14362 | Gauntlet | Found a transporter.
 14379 | Gauntlet | Found a transporter.
 14397 | Gauntlet | Found a transporter.
 14409 | Gauntlet | Found a transporter.
 14421 | Gauntlet | Found a transporter.
 14426 | Gauntlet | Noticed a moth of wrath
 14430 | Gauntlet | Found the amulet of Vitality {Regen+ HP+15}
 14434 | Gauntlet | Found a transporter.
 14446 | Gauntlet | Found a transporter.
 14446 | Gauntlet | Noticed a cacodemon
 14464 | Gauntlet | Found a transporter.
 14480 | Gauntlet | Found a transporter.
 14482 | Gauntlet | Found a transporter.
 14493 | Gauntlet | Noticed a fire crab
 14511 | Gauntlet | Found a transporter.
 14513 | Gauntlet | Found a transporter.
 14515 | Gauntlet | Found a transporter.
 14534 | Gauntlet | Noticed a worldbinder
 14545 | Gauntlet | Found a transporter.
 14546 | Gauntlet | Found a transporter.
 14981 | Gauntlet | Noticed a brown very ugly thing
 14981 | Gauntlet | Noticed a red very ugly thing
 14986 | Gauntlet | HP: 4/81 [vault sentinel/+1 war axe of electrocution[a
                  | worldbinder] (9)]
 14989 | Gauntlet | Noticed a cyan very ugly thing
 14989 | Gauntlet | Noticed a red very ugly thing
 14992 | Gauntlet | Killed a worldbinder
 15388 | Gauntlet | Killed a fire crab
 15388 | Gauntlet | HP: 4/81 [something (3)]
 15389 | Gauntlet | Reached XP level 12. HP: 4/88 MP: 0/0
 15739 | Gauntlet | Gained mutation: Your body sometimes deteriorates upon
                  | taking damage. [a neqoxec]
 15740 | Gauntlet | Gained mutation: Your body often deteriorates upon taking
                  | damage. [a cacodemon]
 15743 | Gauntlet | Gained mutation: You tend to lose your temper in combat. [a
                  | cacodemon]
 15746 | Gauntlet | Gained mutation: Armour fits poorly on your strangely
                  | shaped body. [a cacodemon]
 15747 | Gauntlet | Gained mutation: You sometimes lose the ability to read
                  | scrolls when taking damage. [a cacodemon]
 15760 | Gauntlet | HP: 1/88 [cacodemon (4)]
 15760 | Gauntlet | Slain by a cacodemon

Illustrated notes

Levels and vault maps discovered:
D:1:      onia_arrival_handbag, layout_loops_ring,
          shapermc_ecumenical_altar_starsandcircs
D:2:      layout_basic, basic_altar, dk_noncrumbling_2,
          minmay_randomly_rotated_circles
D:3:      layout_basic, mainiacjoe_overflow_alcove_1, minmay_lizard_king,
          uniq_ijyb
D:4:      layout_basic, serial_shops, nicolae_shop_bloodbath_and_beyond
D:5:      layout_gridville, temple_fountains, grunt_ministairs_9,
          uniq_blork_the_orc
D:6:      layout_basic, chequers_temple_overflow_statue_of_worship,
          mainiacjoe_overflow_brackets, serial_shops, nicolae_shop_crystal
D:7:      layout_loops_ring, nzn_ghost_randoct, minmay_fountain_box,
          grunt_ministairs_11, st_stairs_10, minmay_diced_spiral
D:8:      layout_rooms, nicolae_kikubaaqudgha_miasma_corner, dpeg_oklobed_lair,
          enter_bailey_6
Lair:1:   layout_misc_corridors, patterned_corridor, grunt_megastairs_2
Lair:2:   layout_layer_cave, minmay_swamp_entry_swarm, gauntlet_entry_generic,
          bobbens_dragon_lair_wall
Gauntlet: gammafunk_gauntlet_one_two_three [gammafunk_gauntlet_arena_spirals,
          gammafunk_gauntlet_arena_crates, gammafunk_gauntlet_arena_split_x,
          gammafunk_gauntlet_arena_teeth,
          gammafunk_gauntlet_arena_split_diamond,
          gammafunk_gauntlet_arena_hedges, nicolae_gauntlet_arena_blocks,
          gammafunk_gauntlet_arena_arrow_garden, nicolae_gauntlet_arena_grate_2,
          nicolae_gauntlet_exit_dead_adventurers]

Skill      XL: |  1  2  3  4  5  6  7  8  9 10 11 |
---------------+----------------------------------+-----
Spellcasting   | 3 4 5 6 7 8 9 11 | 11.3
Fighting       | 4 5 6 7 8 |  8.3
Dodging        | 2 4 6 |  6.2
Shields        | 2 4 |  4.0
Armour         | 2 4 |  4.0
Short Blades   | |  2.6

Action                   |  1- 3 |  4- 6 |  7- 9 | 10-12 || total
-------------------------+-------+-------+-------+-------++-------
Melee: Short sword       |    21 |       |       |       ||    21
 Cast: Scorch            |    32 |    95 |   160 |   116 ||   403
       Frozen Ramparts   |       |       |       |    17 ||    17
       Lee's Rapid Decon |       |       |       |    63 ||    63
       Beastly Appendage |       |       |       |     1 ||     1
Invok: Fiery Armour      |       |       |       |     1 ||     1
  Use: Scroll            |       |       |     1 |       ||     1
       Potion            |       |       |       |     4 ||     4
Armor: Robe              |     4 |     1 |     8 |       ||    13
       Ring mail         |       |       |     4 |    60 ||    64
Dodge: Dodged            |    15 |     9 |    25 |    72 ||   121
Block: Buckler           |       |       |     2 |    28 ||    30
